 Dungeon Crawl Stone Soup version 0.30-a0-358-g0d69a1922f (webtiles) character file.

Game seed: 10557010219323302292

6933 mopl the Covert (level 11, -4/49 HPs)
             Began as a Vine Stalker Enchanter on Nov 10, 2022.
             Was a Believer of Dithmenos.
             Slain by an orc knight
             ... wielding a +0 war axe
              (11 damage)
             ... in a bailey.
             The game lasted 00:21:50 (7328 turns).

mopl the Covert (Vine Stalker Enchanter)            Turns: 7328, Time: 00:21:50

Health: -4/49      AC:  7    Str: 11    XL:     11   Next: 7%
Magic:  0/21       EV: 12    Int: 19    God:    Dithmenos [**....]
Gold:   152        SH:  0    Dex: 15    Spells: 9/22 levels left

rFire   . . .      SeeInvis .    a - +1 dagger (venom)
rCold   + . .      Faith    .    (no shield)
rNeg    . . .      Spirit   +    k - +0 robe {rC+}
rPois   .          Reflect  .    f - +0 helmet
rElec   .          Harm     .    L - +2 cloak
rCorr   +          Rampage  .    t - +0 pair of gloves
Will    +....                    (no boots)
Stlth   ++++++....               (no amulet)
HPRegen 1.08/turn                G - ring of resist corrosion
MPRegen 0.17/turn                (no ring)

@: wreathed by umbra
A: fangs 3, regeneration 1, magic shield, antimagic bite, no potion heal 2
a: Renounce Religion, Shadow Step


You were in a bailey.
You worshipped Dithmenos.
Dithmenos was pleased with you.
You visited 2 branches of the dungeon, and saw 10 of its levels.
You also visited: Bailey.

You collected 611 gold pieces.
You spent 459 gold pieces at shops.

Inventory:

Hand Weapons
 a - a +1 dagger of venom (weapon)
 v - a +0 rapier
 z - a +2 dagger of pain
 K - a +4 dagger of freezing
Missiles
 p - 17 poisoned darts (quivered)
 y - 2 silver boomerangs
 E - 20 boomerangs
 H - 5 javelins
Armour
 f - a +0 helmet (worn)
 k - a +0 robe of cold resistance (worn)
 t - a +0 pair of gloves (worn)
 L - a +2 cloak (worn)
 O - a +0 buckler
Jewellery
 G - a ring of resist corrosion (left hand)
Wands
 r - a wand of iceblast (5)
 B - a wand of flame (35)
 F - a wand of paralysis (11)
 M - a wand of digging (7)
Scrolls
 g - 2 scrolls of poison {unknown}
 i - 5 scrolls of teleportation
 j - 2 scrolls of blinking {unknown}
 l - a scroll of immolation {unknown}
 n - a scroll of acquirement {unknown}
 s - 2 scrolls of enchant armour {unknown}
 u - 7 scrolls of fear
 w - 3 scrolls of amnesia
 x - 3 scrolls of vulnerability {unknown}
 A - 2 scrolls of enchant weapon
 D - 6 scrolls of identify {unknown}
Potions
 b - 3 potions of haste {unknown}
 c - 2 potions of invisibility
 d - 3 potions of might
 e - 2 potions of resistance {unknown}
 h - 5 potions of curing
 m - 4 potions of heal wounds {unknown}
 o - 3 potions of flight {unknown}
 q - a potion of attraction {unknown}
 C - 2 potions of ambrosia
 I - 3 potions of lignification {unknown}
 J - 2 potions of degeneration {unknown}
 N - 2 potions of brilliance {unknown}
 P - 2 potions of mutation {unknown}


   Skills:
 + Level 1.5 Fighting
 - Level 0.8 Short Blades
 + Level 2.4 Dodging
 * Level 10.5 Stealth
 + Level 0.5 Shields
 - Level 6.0 Spellcasting
 + Level 3.6 Conjurations
 * Level 9.0 Hexes
 + Level 3.5 Transmutations
 - Level 3.0 Ice Magic
 + Level 2.7 Air Magic
 + Level 3.6 Earth Magic
 + Level 2.8 Poison Magic
 + Level 4.9 Invocations
 + Level 1.6 Evocations


You had 9 spell levels left.
You knew the following spells:

 Your Spells              Type           Power      Damage    Failure   Level
a - Dazzling Flash        Conj/Hex       58%        N/A       2%          3
b - Ensorcelled Hibernat  Hex/Ice        56%        N/A       1%          2
c - Mephitic Cloud        Conj/Pois/Air  17%        N/A       10%         3
d - Tukima's Dance        Hex            40%        N/A       1%          3
p - Passwall              Tmut/Erth      15%        N/A       3%          2

Your spell library contained the following spells:

 Spells                   Type           Power      Damage    Failure   Level
 Confusing Touch          Hex            40%        N/A       1%          3
 Magic Dart               Conj           76%        1d6       2%          1
 Sandblast                Erth           38%        2d10      2%          1
 Foxfire                  Conj/Fire      48%        2x1d6     5%          1
 Poisonous Vapours        Pois/Air       32%        N/A       5%          2
 Summon Guardian Golem    Hex/Summ       22%        N/A       5%          3
 Cigotuvi's Dreadful Rot  Necr/Pois/Air  24%        N/A       8%          2
 Stone Arrow              Conj/Erth      38%        3d9       8%          3
 Ozocubu's Armour         Ice            17%        N/A       10%         3
 Summon Small Mammal      Summ           20%        N/A       11%         1
 Call Imp                 Summ           5%         N/A       17%         2
 Call Canine Familiar     Summ           5%         N/A       32%         3
 Fireball                 Conj/Fire      6%         3d5       83%         5
 Starburst                Conj/Fire      6%         6d4       100%        6
 Ozocubu's Refrigeration  Ice            8%         4d9       100%        7


Dungeon Overview and Level Annotations

Branches:
Dungeon (9/15)             Temple (1/1) D:4            Lair (0/5) D:8
 Bailey (1/1)
    Orc: D:9-12

Altars:
Ashenzari
Cheibriados
Dithmenos
Elyvilon
Fedhas
Gozag
Hepliaklqana
Kikubaaqudgha
Makhleb
Nemelex Xobeh
Okawaru
Qazlal
Ru
Sif Muna
Trog
Uskayaw
Vehumet
Wu Jian
Xom
Yredelemnul
Zin
The Shining One

Shops:
D:5 ?   D:6 (   D:7 !

Annotations:
Bailey 3 runed translucent doors


Innate Abilities, Weirdness & Mutations

You have razor-sharp teeth.
Your natural rate of healing is unusually fast.
When hurt, damage is shared between your health and your magic reserves.
Your bite disrupts and absorbs the magic of your enemies.
Potions cannot restore your health.


Message History

Aim: an orc knight, wielding a +0 war axe and wearing a +0 chain mail (umbra, chance to affect: 41%)
The orc knight resists with some effort.
The orc knight closely misses you.
Unknown command.
Casting: Ensorcelled Hibernation (safe; 1% risk of failure)
Confirm with . or Enter, or press ? or * to list all spells.
Aiming: Ensorcelled Hibernation (safe; 1% risk of failure)
Press: ? - help, Shift-Dir - straight line, f/p - orc knight
Aim: an orc knight, wielding a +0 war axe and wearing a +0 chain mail (umbra, chance to affect: 41%)
The orc knight resists with some effort.
The orc knight hits you with a +0 war axe.
Casting: Ensorcelled Hibernation (safe; 1% risk of failure)
Confirm with . or Enter, or press ? or * to list all spells.
Aiming: Ensorcelled Hibernation (safe; 1% risk of failure)
Press: ? - help, Shift-Dir - straight line, f/p - orc knight
Aim: an orc knight, wielding a +0 war axe and wearing a +0 chain mail (umbra, chance to affect: 41%)
The orc knight resists with some effort.
The orc knight hits you with a +0 war axe!!
Casting: Ensorcelled Hibernation (safe; 1% risk of failure)
Confirm with . or Enter, or press ? or * to list all spells.
Aiming: Ensorcelled Hibernation (safe; 1% risk of failure)
Press: ? - help, Shift-Dir - straight line, f/p - orc knight
Aim: an orc knight, wielding a +0 war axe and wearing a +0 chain mail (umbra, chance to affect: 41%)
The orc knight looks drowsy...
The helpless orc knight fails to defend itself.
You perforate the orc knight like a sieve!!!
The orc knight looks as sick as possible!
You bite the orc knight. You drain its power.
You feel invigorated.
The orc knight is severely wounded.
The orc knight completely misses you.
You hit the orc knight but do no damage.
Your bite misses the orc knight.
The orc knight is severely wounded.
The orc knight hits you with a +0 war axe!
The orc knight attacks as you move away!
The orc knight hits you with a +0 war axe!!
* * * LOW HITPOINT WARNING * * *
The orc knight attacks as you move away!
The orc knight hits you with a +0 war axe!
You die...

##.......##~~~~~##...
##..8..8..)#~~~~~#....
#..........#~~~~~#[)..
#........).')[...'†...
#...8......#########†.
##......#### #~~~##†
##.....#~~#~ ...[~#)
##....#~... ...!~#.
#.@.##~8. .8.8##.
#.o.+o~... ...o#..
#...+~~... ....#..
#...+~~... ....#..
#...##~8.8 .8.8##.
#....#~... ...?~#.
.....#~~#~ ...)~#.
.....#### #~~~##.
..8.... #####..


You could see an orc warlord and an orc knight (extremely poisoned).

Vanquished Creatures
  A manticore (D:8)
  Maurice (D:8)
  A shadow (D:9)
  4 wyverns (D:8)
  4 yaks (D:8)
  A basilisk (D:8)
  Grum (D:8)
  2 steam dragons
  Edmund (D:4)
  6 water moccasins
  4 orc warriors
  3 black bears
  2 sky beasts (D:7)
  3 ice beasts (D:7)
  3 wolves (D:8)
  A centaur (D:6)
  Blork the orc (D:4)
  A bullfrog (D:7)
  A gnoll sergeant (D:7)
  A scorpion (D:4)
  A necrophage (D:5)
  11 wights
  6 killer bees (D:7)
  3 howler monkeys
  2 jellies
  An orc priest (D:6)
  2 hounds
  2 gnoll boudas
  Crazy Yiuf (D:4)
  2 iguanas
  2 orc wizards
  18 gnolls
  7 adders
  2 shadow imps
  2 ufetubi
  3 dart slugs
  13 orcs
  3 ball pythons
  7 bats
  4 endoplasms
  3 giant cockroaches
  13 goblins
  6 hobgoblins
  7 jackals
  12 kobolds
  A quokka (D:3)
  3 frilled lizards
  7 rats
186 creatures vanquished.

Vanquished Creatures (collateral kills)
  Sigmund (D:2)
  An ogre (D:6)
  4 wights
  A gnoll (D:7)
  A goblin (Bailey)
  A kobold (Bailey)
9 creatures vanquished.

Vanquished Creatures (others)
  10 dancing weapons
  A fungus (D:8)
  12 plants (D:8)
23 creatures vanquished.

Grand Total: 218 creatures vanquished

Notes
Turn   | Place    | Note
-------+----------+-------------------------------------------
     0 | D:1      | mopl the Vine Stalker Enchanter began the quest for the
                  | Orb.
     0 | D:1      | Reached XP level 1. HP: 9/9 MP: 4/4
   461 | D:1      | Reached XP level 2. HP: 13/13 MP: 6/6
   483 | D:1      | Learned a level 2 spell: Ensorcelled Hibernation
   692 | D:1      | Reached skill level 4 in Stealth
   722 | D:2      | Noticed Sigmund
   878 | D:2      | Reached XP level 3. HP: 13/16 MP: 4/7
   936 | D:1      | Learned a level 3 spell: Tukima's Dance
  1073 | D:2      | Killed Sigmund
  1074 | D:2      | Reached skill level 5 in Stealth
  1074 | D:2      | Reached skill level 3 in Spellcasting
  1074 | D:2      | Reached skill level 4 in Hexes
  1074 | D:2      | Reached skill level 2 in Ice Magic
  1074 | D:2      | Gained mutation: Your natural rate of healing is unusually
                  | fast. [Vine Stalker growth]
  1074 | D:2      | Reached XP level 4. HP: 21/21 MP: 6/10
  1074 | D:2      | Reached XP level 5. HP: 24/24 MP: 6/11
  1207 | D:2      | Learned a level 3 spell: Dazzling Flash
  1248 | D:3      | Found a faded altar of an unknown god.
  1502 | D:3      | Reached XP level 6. HP: 28/28 MP: 5/12
  2483 | D:3      | HP: 1/28 [gnoll/+0 flail (8)]
  2587 | D:4      | Reached skill level 1 in Conjurations
  2592 | D:4      | Noticed Edmund
  2624 | D:4      | Killed Edmund
  2625 | D:4      | Reached skill level 4 in Spellcasting
  2625 | D:4      | Reached XP level 7. HP: 32/32 MP: 11/14
  2638 | D:4      | Found a glowing silver altar of Zin.
  2667 | D:4      | Noticed Blork the orc
  2682 | D:4      | Killed Blork the orc
  2683 | D:4      | Reached skill level 3 in Ice Magic
  2777 | D:4      | Found a runed translucent door.
  2778 | D:4      | Noticed Crazy Yiuf
  2785 | D:4      | Killed Crazy Yiuf
  2868 | D:4      | Reached skill level 6 in Stealth
  2868 | D:4      | Reached skill level 2 in Conjurations
  2916 | D:4      | Found a staircase to the Ecumenical Temple.
  2922 | Temple   | Entered the Ecumenical Temple
  2957 | Temple   | Became a worshipper of Dithmenos the Shadowed
  3205 | D:4      | Reached skill level 5 in Hexes
  3270 | D:5      | Entered Level 5 of the Dungeon
  3320 | D:5      | Found an opulent altar of Gozag.
  3361 | D:5      | Found a shimmering blue altar of Sif Muna.
  3392 | D:5      | Reached skill level 1 in Invocations
  3571 | D:5      | Found Zoywkuiwk's Magic Scroll Shoppe.
  3579 | D:5      | Bought a scroll of fear for 56 gold pieces
  3579 | D:5      | Bought a scroll of noise for 14 gold pieces
  3579 | D:5      | Bought a scroll of teleportation for 42 gold pieces
  3579 | D:5      | Bought a scroll of amnesia for 56 gold pieces
  3579 | D:5      | Bought a scroll of teleportation for 42 gold pieces
  3667 | D:5      | Reached * piety under Dithmenos
  3668 | D:5      | Gained mutation: You have razor-sharp teeth. [Vine Stalker
                  | growth]
  3668 | D:5      | Reached XP level 8. HP: 34/34 MP: 13/15
  4173 | D:5      | Bought a scroll of enchant weapon for 105 gold pieces
  4347 | D:6      | Learned a level 3 spell: Mephitic Cloud
  4367 | D:6      | Found a snail-covered altar of Cheibriados.
  4379 | D:6      | Found a sparkling altar of Nemelex Xobeh.
  4395 | D:6      | Found a white marble altar of Elyvilon.
  4403 | D:6      | Reached skill level 3 in Conjurations
  4409 | D:6      | Reached skill level 6 in Hexes
  4409 | D:6      | Reached skill level 2 in Invocations
  4409 | D:6      | Found Areseg's Antique Weapon Shoppe.
  4558 | D:6      | Reached skill level 7 in Stealth
  4558 | D:6      | Reached skill level 5 in Spellcasting
  4558 | D:6      | Reached skill level 1 in Air Magic
  4574 | D:6      | Reached skill level 1 in Poison Magic
  4786 | D:6      | Found an ornate altar of the Wu Jian Council.
  4989 | D:7      | Reached XP level 9. HP: 35/39 MP: 17/17
  4995 | D:7      | Learned a level 2 spell: Passwall
  5046 | D:7      | Reached skill level 2 in Air Magic
  5046 | D:7      | Reached skill level 2 in Poison Magic
  5158 | D:7      | Reached skill level 3 in Invocations
  5202 | D:7      | Reached skill level 7 in Hexes
  5202 | D:7      | Reached skill level 1 in Transmutations
  5202 | D:7      | Reached skill level 1 in Earth Magic
  5275 | D:7      | Reached skill level 8 in Stealth
  5405 | D:7      | Found a stormy altar of Qazlal.
  5412 | D:7      | Found Qemn's Distillery.
  5422 | D:7      | Bought a potion of might for 48 gold pieces
  5422 | D:7      | Bought a potion of ambrosia for 96 gold pieces
  5748 | D:7      | You fall into a shaft and drop 1 floor!
  5834 | D:8      | Reached skill level 2 in Transmutations
  5834 | D:8      | Reached skill level 2 in Earth Magic
  5849 | D:8      | Found a radiant altar of Vehumet.
  5880 | D:8      | Found a bloodstained altar of Trog.
  5925 | D:8      | Found a staircase to the Lair.
  5927 | D:8      | Reached skill level 9 in Stealth
  5938 | D:8      | Reached skill level 6 in Spellcasting
  5938 | D:8      | Reached XP level 10. HP: 43/44 MP: 15/20
  5941 | D:8      | Reached skill level 8 in Hexes
  5941 | D:8      | Reached skill level 4 in Invocations
  6007 | D:8      | Reached ** piety under Dithmenos
  6026 | D:8      | Reached skill level 3 in Transmutations
  6026 | D:8      | Reached skill level 3 in Earth Magic
  6050 | D:8      | Noticed Maurice
  6105 | D:8      | Killed Maurice
  6225 | D:8      | Reached skill level 10 in Stealth
  6279 | D:8      | Noticed Grum
  6281 | D:8      | Noticed a manticore
  6300 | D:8      | Killed Grum
  6313 | D:8      | Killed a manticore
  6314 | D:8      | Reached skill level 2 in Dodging
  6314 | D:8      | Reached skill level 1 in Evocations
  6323 | D:8      | Reached skill level 1 in Fighting
  6886 | D:9      | Found a blossoming altar of Fedhas.
  6942 | D:9      | Reached skill level 9 in Hexes
  6942 | D:9      | Reached XP level 11. HP: 43/49 MP: 14/21
  7115 | D:9      | Found a flagged portal.
  7143 | Bailey   | Entered a bailey
  7152 | Bailey   | Noticed an orc warlord
  7306 | Bailey   | Found a runed translucent gate.
  7308 | Bailey   | Found a runed translucent gate.
  7310 | Bailey   | Found a runed translucent gate.
  7315 | Bailey   | Noticed an orc knight
  7328 | Bailey   | Slain by an orc knight

Illustrated notes

Levels and vault maps discovered:
D:1:      dpeg_arrival_lava_temple_mockup, layout_loops_ring
D:2:      layout_rooms, skrybe_limestone_x, uniq_sigmund
D:3:      layout_basic, dreamdust_ecumenical_altar_grove, st_stairs_9,
          chequers_mini_garden
D:4:      layout_basic, mainiacjoe_overflow_brackets, minmay_temple_entry_ruins,
          serial_bayou_lake_a, uniq_blork_the_orc, uniq_edmund,
          uniq_crazy_yiuf_cottage
D:5:      layout_layer_cave, mainiacjoe_overflow_large_starburst, serial_glass,
          glass_columns_a, glass_columns_c, serial_shops, shop,
          lightli_corner_chamber
D:6:      layout_rooms, general_overflow_altar, lemuel_round_altar,
          nemelex_xobeh_ov_fountains_minmay, amcnicky_altar_gilded,
          serial_shops, nicolae_diamond_shop, hex_tiny, minivault_26,
          corexii_checkpoint_b, st_stairs_13, roderic_nine_men_s_morris
D:7:      layout_cave_pods, nicolae_qazlal_scattered_showers, serial_shops, shop
D:8:      layout_rooms, mainiacjoe_overflow_tiny_flanked,
          lemuel_coloured_pillars_altar, minmay_lair_entry_grove,
          amcnicky_mini_corridor_feature, uniq_maurice, uniq_grum
D:9:      layout_basic, nicolae_overflow_crystal_walls, enter_bailey_5
Temple:   nicolae_temple_ecumenical_triangle
Bailey:   bailey_axe_bossmonster_kennysheep, bailey

Skill      XL: |  1  2  3  4  5  6  7  8  9 10 |
---------------+-------------------------------+-----
Stealth        | 4 5 6 7 9 10 | 10.5
Spellcasting   | 3 4 5 6 |  6.0
Hexes          | 4 5 6 7 9 |  9.0
Ice Magic      | 2 3 |  3.0
Conjurations   | 1 2 3 |  3.6
Invocations    | 1 2 3 4 |  4.9
Air Magic      | 1 2 |  2.7
Poison Magic   | 1 2 |  2.8
Transmutations | 2 3 |  3.5
Earth Magic    | 2 3 |  3.6
Dodging        | 2 |  2.4
Evocations     | 1 |  1.6
Fighting       | 1 |  1.5
Short Blades   | |  0.8
Shields        | |  0.5

Action                   |  1- 3 |  4- 6 |  7- 9 | 10-12 || total
-------------------------+-------+-------+-------+-------++-------
Melee: Dagger            |    61 |   106 |   240 |   209 ||   616
       Bite              |    10 |    28 |    76 |    79 ||   193
       Punch             |       |       |     4 |     3 ||     7
Throw: Dart              |       |       |     3 |       ||     3
 Cast: Ensorcelled Hiber |     2 |    12 |    28 |    24 ||    66
       Tukima's Dance    |     1 |     1 |     7 |    26 ||    35
       Dazzling Flash    |       |       |     6 |       ||     6
       Passwall          |       |       |     1 |       ||     1
       Mephitic Cloud    |       |       |       |     2 ||     2
Evoke: Wand              |       |       |     3 |     2 ||     5
 Stab: Sleeping          |     9 |    13 |    24 |    21 ||    67
       Distracted        |       |       |     1 |       ||     1
       Invisible         |       |       |     4 |       ||     4
       Confused          |       |       |       |     1 ||     1
Armor: Robe              |    13 |    27 |    45 |    51 ||   136
Dodge: Dodged            |    39 |    57 |   152 |   155 ||   403

Table legend: (Time is in decaauts)
 A = Elapsed time spent in this place.
 B = Non-inter-level travel time spent in this place.
 C = Inter-level travel time spent in this place.
 D = Time resting spent in this place.
 E = Time spent auto-exploring this place.
 F = Levels seen in this place.
 G = Mean time per level.
                   A        B        C        D        E       F      G
               +--------+--------+--------+--------+--------+-----+--------+
         Total |   7339 |   6917 |    422 |    300 |   4241 |  11 |  667.2 |
       Dungeon |   7111 |   6709 |    402 |    300 |   4234 |   9 |  790.1 |
        Temple |     44 |     25 |     19 |      0 |      0 |   1 |   44.0 |
        Bailey |    183 |    183 |      0 |      0 |      7 |   1 |  183.0 |
               +--------+--------+--------+--------+--------+-----+--------+

Top non-repeatable levels by time:
     D:7: 1066 daAuts
     D:3: 1044 daAuts
     D:4: 965 daAuts
     D:5: 915 daAuts
     D:6: 914 daAuts
     D:1: 787 daAuts
     D:8: 684 daAuts
     D:2: 454 daAuts
     D:9: 278 daAuts
  Bailey: 183 daAuts
  Temple: 44 daAuts
